 Dungeon Crawl Stone Soup version 0.29.0-4-gdea44cf6ec (webtiles) character file.

Game seed: 11293866454796783804

312 qw the Chopper (level 6, -3/38 HPs)
             Began as a Gargoyle Fighter on Sept 9, 2022.
             Slain by a hound (4 damage)
             ... on level 4 of the Dungeon.
             The game lasted 00:01:19 (2600 turns).

qw the Chopper (Gargoyle Fighter)                   Turns: 2600, Time: 00:01:20

Health: -3/38      AC: 17    Str: 21    XL:     6   Next: 42%
Magic:  6/6        EV:  5    Int:  9    God:
Gold:   170        SH:  9    Dex:  9    Spells: 5/5 levels left

rFire   + . .      SeeInvis .   Y - +0 war axe (vorpal)
rCold   . . .      Faith    .   c - +0 buckler
rNeg    + . .      Spirit   .   l - +0 plate armour
rPois   inf        Reflect  +   (no helmet)
rElec   +          Harm     .   (no cloak)
rCorr   .          Rampage  .   g - +0 pair of gloves
Will    .....                   (no boots)
Stlth   ..........              j - amulet of reflection
HPRegen 0.12/turn               e - ring of protection from fire
MPRegen 0.10/turn               (no ring)

@: no status effects
A: sickness immunity, AC +4, negative energy resistance 1, electricity
resistance, torment resistance 1, petrification resistance
a: no special abilities


You were on level 4 of the Dungeon.
You visited 1 branch of the dungeon, and saw 4 of its levels.

You collected 170 gold pieces.


Innate Abilities, Weirdness & Mutations

You are immune to sickness and miasma.
Your stone body is resilient. (AC +4)
You are immune to poison.
You resist negative energy. (rN+)
You are resistant to electric shocks. (rElec)
You are resistant to unholy torment.
You are immune to petrification.


   Skills:
 - Level 4.1 Fighting
 + Level 5.6 Axes
 - Level 3.2 Armour
 - Level 3.2 Shields


You had 5 spell levels left.
You didn't know any spells.
Your spell library was empty.

Inventory:

Hand Weapons
 i - a +0 whip
 Y - a +0 vorpal war axe (weapon)
Armour
 b - a scarf of invisibility
 c - a +0 buckler (worn)
 g - a +0 pair of gloves (worn)
 l - a +0 plate armour (worn)
Jewellery
 e - a ring of protection from fire (left hand)
 j - an amulet of reflection (around neck)
 p - a +6 ring of strength
 q - a ring of wizardry
Scrolls
 a - a scroll of identify
Potions
 d - 4 potions of might
 f - a potion of attraction {unknown}
 h - a potion of cancellation {unknown}
 k - a potion of lignification {unknown}
 m - a potion of curing {unknown}
 n - a potion of mutation {unknown}
 o - a potion of haste {unknown}

Dungeon Overview and Level Annotations

Branches:
Dungeon (4/15)
 Temple: D:4-7

Altars:
Makhleb
Ru
Trog

Shops:
D:4 =


Message History

You slash Duvessa!
You hit the black bear but do no damage.
You block Dowan's attack. You block the black bear's attack.
The black bear claws you.
The black bear claws you but does no damage.
Duvessa hits you with a +0 short sword.
You hit Dowan.
You kill Dowan!
Duvessa weeps, and shakes her weapon.
Duvessa goes berserk!
You slash the black bear! You hit Duvessa. Duvessa hits you but does no damage.
The black bear bites you but does no damage.
The black bear claws you but does no damage. x2
You block Duvessa's attack.
The black bear bites you but does no damage.
You block the black bear's attack.
The black bear claws you but does no damage.
The hound bites you but does no damage.
Your Fighting skill increases to level 4!
You hit Duvessa but do no damage.
Duvessa is almost dead.
You hit the black bear. You closely miss the hound.
Duvessa hits you with a +0 short sword. The hound bites you but does no damage.
Duvessa hits you with a +0 short sword!
The black bear bites you but does no damage.
The black bear claws you but does no damage.
You block the black bear's attack.
You slash Duvessa!
You kill Duvessa!
You slash the black bear! You slash the hound!
The hound bites you but does no damage. You block the hound's attack.
The black bear goes berserk!
You have reached level 6!
You closely miss the black bear.
The black bear is almost dead.
You miss the hound. You block the hound's attack. The black bear bites you!
The black bear claws you but does no damage.
The black bear claws you. The hound bites you.
You die...

###### ###.# # ######...
# ##...#...##
##.........##
##...........##
...........<..####
......h..........#
......h@.%..####.#
......)#.....###.####
......######........####
...... ########....#
..... ###... ..... ####
.... # ....


You could see a black bear (berserk) and a hound.

Vanquished Creatures
  Duvessa (D:4)
  Dowan (D:4)
  An orc priest (D:3)
  Natasha (D:4)
  3 adders
  3 dart slugs
  3 orcs (D:3)
  2 bats
  9 endoplasms
  6 giant cockroaches
  12 goblins
  6 hobgoblins
  2 quokkas (D:1)
  10 ball pythons
  2 frilled lizards
  12 kobolds
  4 rats
  A spectral hobgoblin (D:2)
79 creatures vanquished.

Notes
Turn   | Place    | Note
-------+----------+-------------------------------------------
     0 | D:1      | qw the Gargoyle Fighter began the quest for the Orb.
     0 | D:1      | Reached XP level 1. HP: 14/14 MP: 1/1
     0 | D:1      | 0 ||| qw: Version: 0.1-a-113-g051387a
     0 | D:1      | 0 ||| qw: Game counter: 6894
     0 | D:1      | 0 ||| qw: Always use a shield: true
     0 | D:1      | 0 ||| qw: God list: Okawaru
     0 | D:1      | 0 ||| qw: Allow faded altars: false
     0 | D:1      | 0 ||| qw: Do Orc after D:15 true
     0 | D:1      | 0 ||| qw: Do second Lair branch before Depths: true
     0 | D:1      | 0 ||| qw: Lair rune preference: random
     0 | D:1      | 0 ||| qw: Plans: Normal, Zot, God:TSO, Crypt, Tomb, Zig,
                  | Orb
     0 | D:1      | 0 ||| PLANNING D:1-11
    53 | D:1      | Reached skill level 2 in Axes
    53 | D:1      | 53 ||| Stepping ~*~*~tactically~*~*~ (stealth).
    62 | D:1      | Reached XP level 2. HP: 14/19 MP: 2/2
   381 | D:1      | 381 ||| DROPPING +0 club.
   450 | D:1      | 450 ||| Stepping ~*~*~tactically~*~*~ (stealth).
   452 | D:1      | 452 ||| Stepping ~*~*~tactically~*~*~ (stealth).
   461 | D:1      | Reached skill level 3 in Axes
   555 | D:1      | Reached XP level 3. HP: 21/23 MP: 3/3
   600 | D:1      | 600 ||| Stepping ~*~*~tactically~*~*~ (stealth).
   611 | D:1      | 611 ||| Stepping ~*~*~tactically~*~*~ (stealth).
   613 | D:1      | 613 ||| Stepping ~*~*~tactically~*~*~ (stealth).
   618 | D:1      | 618 ||| Stepping ~*~*~tactically~*~*~ (stealth).
   623 | D:1      | 623 ||| Stepping ~*~*~tactically~*~*~ (stealth).
   636 | D:1      | 636 ||| Stepping ~*~*~tactically~*~*~ (stealth).
   853 | D:1      | 853 ||| UPGRADING to +0 pair of gloves.
   858 | D:1      | 858 ||| UPGRADING to amulet of reflection.
   863 | D:1      | 863 ||| DROPPING ring of magical power.
   864 | D:1      | 864 ||| READING scroll labelled HIRUAFY RUNUSO.
   897 | D:2      | Found a faded altar of an unknown god.
   911 | D:2      | 911 ||| Stepping ~*~*~tactically~*~*~ (hiding).
  1183 | D:2      | 1183 ||| Stepping ~*~*~tactically~*~*~ (stealth).
  1185 | D:2      | 1185 ||| Stepping ~*~*~tactically~*~*~ (stealth).
  1701 | D:2      | 1701 ||| UPGRADING to ring of protection from fire.
  1702 | D:2      | 1702 ||| READING scroll labelled WIAFOY EMUCZUH.
  1703 | D:2      | 1703 ||| READING scroll labelled TUGRUF QOMUSI WERR.
  1761 | D:3      | 1761 ||| Stepping ~*~*~tactically~*~*~ (stealth).
  1771 | D:3      | Reached XP level 4. HP: 25/28 MP: 4/4
  1872 | D:3      | 1872 ||| Stepping ~*~*~tactically~*~*~ (stealth).
  1873 | D:3      | 1873 ||| Stepping ~*~*~tactically~*~*~ (stealth).
  1876 | D:3      | 1876 ||| Stepping ~*~*~tactically~*~*~ (stealth).
  1878 | D:3      | 1878 ||| Stepping ~*~*~tactically~*~*~ (stealth).
  1893 | D:3      | 1893 ||| Stepping ~*~*~tactically~*~*~ (hiding).
  1894 | D:3      | 1894 ||| Stepping ~*~*~tactically~*~*~ (stealth).
  1895 | D:3      | 1895 ||| Stepping ~*~*~tactically~*~*~ (hiding).
  1898 | D:3      | Reached skill level 4 in Axes
  1943 | D:3      | Reached XP level 5. HP: 32/32 MP: 5/5
  2187 | D:3      | Found a sacrificial altar of Ru.
  2191 | D:3      | Found a bloodstained altar of Trog.
  2194 | D:3      | Found a burning altar of Makhleb.
  2210 | D:3      | 2210 ||| UPGRADING to +0 plate armour.
  2220 | D:3      | 2220 ||| DROPPING +0 scale mail.
  2221 | D:3      | 2221 ||| DROPPING +6 ring of intelligence.
  2310 | D:4      | Found Zaifeil's Jewellery Emporium.
  2319 | D:4      | 2319 ||| SHOPLISTING +6 ring of dexterity (360 gold, have
                  | 154).
  2319 | D:4      | 2319 ||| SHOPLISTING ring of ice (250 gold, have 154).
  2319 | D:4      | 2319 ||| SHOPLISTING ring of positive energy (200 gold,
                  | have 154).
  2319 | D:4      | 2319 ||| SHOPLISTING ring of willpower (250 gold, have
                  | 154).
  2484 | D:4      | Noticed Natasha
  2487 | D:4      | Killed Natasha
  2571 | D:4      | 2571 ||| Stepping ~*~*~tactically~*~*~ (stealth).
  2572 | D:4      | 2572 ||| Stepping ~*~*~tactically~*~*~ (hiding).
  2577 | D:4      | Reached skill level 5 in Axes
  2584 | D:4      | Noticed Dowan
  2584 | D:4      | Noticed Duvessa
  2584 | D:4      | Noticed a black bear
  2585 | D:4      | 2585 ||| Stepping ~*~*~tactically~*~*~ (hiding).
  2597 | D:4      | Killed Dowan
  2599 | D:4      | Killed Duvessa
  2600 | D:4      | Reached XP level 6. HP: 12/38 MP: 6/6
  2600 | D:4      | HP: 4/38 [black bear (8)]
  2600 | D:4      | HP: 1/38 [black bear (3)]
  2600 | D:4      | Slain by a hound

Levels and vault maps discovered:
D:1:      heliophobic_arrival_henge, layout_basic, st_stairs_8
D:2:      layout_loops_ring, dreamdust_ecumenical_altar_drowned_temple
D:3:      kennysheep_the_goblin_king, layout_rooms,
          grunt_temple_overflow_diamond
D:4:      layout_rooms, pdpol_wu_jian_five_deadly_venoms,
          minmay_shop_grid_forest, uniq_eustachio, uniq_robin, uniq_natasha,
          uniq_duvessa

Skill      XL: |  1  2  3  4  5 |
---------------+----------------+-----
Axes           | 2 3 4 5 |  5.6
Fighting       | 4 |  4.1
Armour         | |  3.2
Shields        | |  3.2

Action                   |  1- 3 |  4- 6 || total
-------------------------+-------+-------++-------
Melee: War axe           |    93 |    62 ||   155
  Use: Scroll            |     3 |       ||     3
Armor: Scale mail        |    42 |     9 ||    51
       Plate armour      |       |    26 ||    26
Dodge: Dodged            |    26 |    10 ||    36
Block: Buckler           |    21 |    27 ||    48
       Reflection        |       |     1 ||     1

Table legend:
 A = Non-vault XP
 B = Vault XP
 C = Vault XP percentage of total XP
 D = Non-vault monster count
 E = Vault monster count
 F = Vault count percentage of total count
                 A         B        C        D         E       F
            +---------+---------+-------+---------+---------+-------
      Total |     193 |     253 |  56.7 |      66 |      13 |  16.5
            +---------+---------+-------+---------+---------+-------
        D:1 |      40 |       3 |   7.0 |      24 |       2 |   7.7
        D:2 |      31 |       1 |   3.1 |      17 |       1 |   5.6
        D:3 |      86 |      12 |  12.2 |      19 |       7 |  26.9
        D:4 |      36 |     237 |  86.8 |       6 |       3 |  33.3
            +---------+---------+-------+---------+---------+-------
